 Dungeon Crawl Stone Soup version 0.31-a0-369-g8eba5f6939 (webtiles) character file.

Game seed: 12079638214593236776

259 mopl the Vexing (level 5, 0/30 HPs)
             Began as a Deep Elf Enchanter on July 28, 2023.
             Killed from afar by an orc wizard (11 damage)
             ... with a magic dart
             ... on level 3 of the Dungeon.
             The game lasted 00:05:13 (2233 turns).

mopl the Vexing (Deep Elf Enchanter)                Turns: 2233, Time: 00:05:13

Health: 0/30       AC:  3    Str:  5    XL:     5   Next: 94%
Magic:  9/13       EV: 12    Int: 22    God:
Gold:   259        SH:  0    Dex: 15    Spells: 2/12 levels left

rFire   . . .        b - +0 rapier (venom)
rCold   . . .        (no shield)
rNeg    . . .        l - +0 robe
rPois   .            (no helmet)
rElec   .            (no cloak)
rCorr   .            (no gloves)
SInv    .            d - +0 pair of boots
Will    .....        (no amulet)
Stlth   +            i - ring of wizardry
HPRegen 0.25/turn    (no ring)
MPRegen 0.13/turn

%: wizardry (x1)
@: confused
A: no striking features
a: no special abilities


You were on level 3 of the Dungeon.
You visited 1 branch of the dungeon, and saw 4 of its levels.

You collected 259 gold pieces.

Inventory:

Hand Weapons
 a - a +1 dagger
 b - a +0 rapier of venom (weapon)
Missiles
 x - 8 poisoned darts
Armour
 d - a +0 pair of boots (worn)
 l - a +0 robe (worn)
Jewellery
 g - an amulet of guardian spirit
 i - a ring of wizardry (left hand)
 r - a ring of ice
Wands
 s - a wand of flame (22)
 t - a wand of mindburst (16)
Scrolls
 e - a scroll of fear
 h - 2 scrolls of noise {unknown}
 k - 5 scrolls of identify {unknown}
 m - a scroll of teleportation {unknown}
 n - a scroll of immolation {unknown}
 o - a scroll of brand weapon {unknown}
 p - a scroll of poison {unknown}
 q - a scroll of torment {unknown}
 u - a scroll of vulnerability {unknown}
Potions
 c - 2 potions of invisibility
 f - 3 potions of curing {unknown}
 j - a potion of haste {unknown}
 v - a potion of cancellation {unknown}
 w - a potion of brilliance {unknown}
 z - a potion of berserk rage {unknown}
 A - a potion of enlightenment {unknown}


   Skills:
 + Level 1.6 Fighting
 + Level 2.5 Short Blades
 - Level 2.4 Dodging
 + Level 4.7 Stealth
 + Level 4.3 Spellcasting
 + Level 5.1 Hexes
 + Level 1.5 Transmutations
 + Level 1.5 Earth Magic


You had 2 spell levels left.
You knew the following spells:

 Your Spells              Type           Power      Damage    Failure   Level
b - Ensorcelled Hibernat  Hex/Ice        30%        N/A       2%          2
c - Confusing Touch       Hex            27%        N/A       1%          3
d - Tukima's Dance        Hex            27%        N/A       1%          3
p - Passwall              Tmut/Erth      9%         N/A       3%          2

Your spell library contained the following spells:

 Spells                   Type           Power      Damage    Failure   Level
 Sandblast                Erth           22%        2d7       2%          1
 Dazzling Flash           Conj/Hex       30%        N/A       4%          3
 Inner Flame              Hex/Fire       15%        N/A       4%          3
 Stone Arrow              Conj/Erth      16%        3d8       10%         3
 Yara's Violent Unravell  Hex/Tmut       9%         3d6       30%         5
 Silence                  Hex/Air        7%         N/A       38%         5
 Agony                    Necr           4%         N/A       73%         5
 Enfeeble                 Hex            13%        N/A       98%         7


Dungeon Overview and Level Annotations

Branches:
Dungeon (4/15)
 Temple: D:4-7

Altars:
Vehumet


Message History

You kill the orc!
No target in view!
There is a stone staircase leading up, spattered with blood here.
Items here: ))) [ †.
Something hits you.
You climb upwards.
Reactivating autopickup.
There is a stone staircase leading down here.
A magic dart appears from out of thin air!
Deactivating autopickup; reactivate with Ctrl-A.
The magic dart hits you.
Your +0 rapier of venom begins to drip with poison!
b - a +0 rapier of venom (weapon)
You miss something.
You hear some strange, mumbled words.
Something tries to affect you, but you resist.
You hit something but do no damage. Something hits you.
You hit something. Something hits you but does no damage.
You hit something. Something hits you.
You hit something but do no damage. Something hits you.
You closely miss something. Something hits you but does no damage.
You closely miss something.
You hear some strange, mumbled words.
You are confused.
You bump into the rock wall.
You hear some strange, mumbled words.
You are more confused.
You completely miss something. Something hits you.
You bump into the rock wall.
Something hits you.
You hit something but do no damage. Something hits you.
You're too confused to move!
You hear some strange, mumbled words.
You are more confused.
You're too confused to move!
Something hits you.
You bump into the rock wall.
Something hits you.
You bump into the rock wall.
You hear some strange, mumbled words.
A magic dart appears from out of thin air!
The magic dart hits you!
You die...

.#.........##..#.#...............
...........##.##.................
.##>.....†.##.##.#...............
###..............#######.....####
.##..............# #.....# #
.############.#### #.....# # .#
#.......##.# #.....# # .#
#.#####.##.##########..<..# #
.###.##.......#.@{>...###...## #
........##.####.#####.# #...# ##
.###.#####.# #.#####.####.## #.
## #.......# #.##.....)...#####.
# ######### ##.##.##.#####......
#........#####.##...
#.###..##......)..#.
#.###..##.####.####.
#.#.................


There were no monsters in sight!

Vanquished Creatures
  A phantom (D:4)
  An orc priest (D:4)
  An orc wizard (D:4)
  3 adders
  A worm (D:4)
  4 dart slugs
  7 orcs (D:4)
  10 ball pythons
  8 bats
  2 endoplasms
  3 giant cockroaches
  4 hobgoblins
  4 jackals
  6 kobolds
  4 quokkas
  7 frilled lizards
  10 goblins
  6 rats
82 creatures vanquished.

Notes
Turn   | Place    | Note
-------+----------+-------------------------------------------
     0 | D:1      | mopl the Deep Elf Enchanter began the quest for the Orb.
     0 | D:1      | Reached XP level 1. HP: 10/10 MP: 6/6
   100 | D:1      | Reached XP level 2. HP: 15/15 MP: 8/8
   103 | D:1      | Learned a level 2 spell: Ensorcelled Hibernation
   329 | D:1      | Reached skill level 4 in Stealth
   461 | D:1      | Reached XP level 3. HP: 16/20 MP: 9/9
   465 | D:1      | Learned a level 3 spell: Tukima's Dance
   469 | D:1      | Learned a level 3 spell: Confusing Touch
   592 | D:1      | Found Woaruvax's Distillery.
   734 | D:2      | Found a faded altar of an unknown god.
  1004 | D:2      | Identified the +1 leather armour "Watoelia" {rPois Will+
                  | SInv Stlth-}
  1110 | D:2      | Reached skill level 1 in Fighting
  1245 | D:3      | Reached XP level 4. HP: 25/25 MP: 8/11
  1300 | D:3      | Found a radiant altar of Vehumet.
  1311 | D:3      | Learned a level 2 spell: Passwall
  1421 | D:3      | Reached skill level 2 in Short Blades
  1983 | D:4      | Reached skill level 4 in Spellcasting
  1983 | D:4      | Reached skill level 1 in Transmutations
  1983 | D:4      | Reached XP level 5. HP: 29/29 MP: 3/13
  2082 | D:4      | Noticed a phantom
  2101 | D:4      | Killed a phantom
  2102 | D:4      | Reached skill level 5 in Hexes
  2102 | D:4      | Reached skill level 1 in Earth Magic
  2233 | D:3      | Killed from afar by an orc wizard

Illustrated notes

Levels and vault maps discovered:
D:1:      dpeg_arrival_stonehenge_8_columns, layout_basic, serial_shops,
          nicolae_shop_back_alley_shop
D:2:      layout_rooms, ebering_ecumenical_altar_webs
D:3:      layout_loops_cross, vehumet_crystals, minmay_pentomino_pile
D:4:      layout_loops_ring

Skill      XL: |  1  2  3  4  5 |
---------------+----------------+-----
Stealth        | 4 |  4.7
Fighting       | 1 |  1.6
Short Blades   | 2 |  2.5
Spellcasting   | 4 |  4.3
Transmutations | 1 |  1.5
Hexes          | 5 |  5.1
Earth Magic    | 1 |  1.5
Dodging        | |  2.4

Action                     |  1- 3 |  4- 6 || total
---------------------------+-------+-------++-------
  Melee: Dagger            |   144 |    17 ||   161
         Punch             |     2 |     2 ||     4
         Rapier            |       |    68 ||    68
   Cast: Ensorcelled Hiber |    23 |    15 ||    38
         Confusing Touch   |       |     1 ||     1
    Use: Scroll            |       |     1 ||     1
   Stab: Sleeping          |    17 |    15 ||    32
         Confused          |       |     2 ||     2
 Armour: Robe              |    35 |    11 ||    46
  Dodge: Dodged            |    98 |    50 ||   148

Table legend: (Time is in decaauts)
 A = Elapsed time spent in this place.
 B = Non-inter-level travel time spent in this place.
 C = Inter-level travel time spent in this place.
 D = Time resting spent in this place.
 E = Time spent auto-exploring this place.
 F = Levels seen in this place.
 G = Mean time per level.
                   A        B        C        D        E       F      G
               +--------+--------+--------+--------+--------+-----+--------+
         Total |   2224 |   2179 |     45 |    139 |   1296 |   4 |  556.0 |
       Dungeon |   2224 |   2179 |     45 |    139 |   1296 |   4 |  556.0 |
               +--------+--------+--------+--------+--------+-----+--------+

Top non-repeatable levels by time:
     D:1: 690 daAuts
     D:3: 650 daAuts
     D:2: 521 daAuts
     D:4: 362 daAuts
